 Dungeon Crawl Stone Soup version 0.21.0-3-g78d12a8 (webtiles) character file.

7807 Gorglomux the Slicer (level 11, -2/60 HPs)
             Began as a Vine Stalker Gladiator on Jan 10, 2018.
             Was a Follower of Uskayaw.
             Killed from afar by a starcursed mass (4 damage)
             ... with an accursed screaming
             ... on level 3 of the Abyss.
             The game lasted 00:16:59 (8029 turns).

Gorglomux the Slicer (Vine Stalker Gladiator)       Turns: 8029, Time: 00:17:01

Health: -2/60      AC: 18    Str: 24    XL:     11   Next: 21%
Magic:  0/12       EV: 10    Int:  8    God:    Uskayaw [*.....]
Gold:   673        SH:  5    Dex: 15    Spells: 10/10 levels left

rFire    . . .     SeeInvis .   a - +1 rapier
rCold    + + .     Gourm    .   (no shield)
rNeg     . . .     Faith    .   y - +1 plate armour {rC+}
rPois    +         Spirit   +   c - +1 helmet
rElec    .         Reflect  +   (no cloak)
rCorr    .         Harm     .   (no gloves)
MR       ++...                  C - +0 pair of boots "Megaq" {rC+}
Stlth    ..........             U - +5 amulet of reflection
HPRegen  0.60/turn              m - ring of protection from magic
MPRegen  0.13/turn              o - ring of poison resistance

@: mighty
A: fangs 3, clumsy 1, regeneration 1, [screaming 1], magic shield, antimagic
bite, no potion heal 3, rot immunity
a: Stomp, Renounce Religion


You were on level 3 of the Abyss.
You worshipped Uskayaw.
Uskayaw was noncommittal.
You were not hungry.

You visited 2 branches of the dungeon, and saw 11 of its levels.
You visited the Abyss 1 time.

You collected 673 gold pieces.

Inventory:

Hand Weapons
 a - a +1 rapier (weapon)
Missiles
 Z - 4 throwing nets (quivered)
Armour
 c - a +1 helmet (worn)
 y - a +1 plate armour of cold resistance (worn)
 C - the +0 pair of boots "Megaq" (worn) {rC+}
   (You found it on level 6 of the Dungeon)

   It protects you from cold.
Jewellery
 f - an uncursed ring of protection from fire
 l - an uncursed ring of flight
 m - a ring of protection from magic (left hand)
 o - a ring of poison resistance (right hand)
 U - a +5 amulet of reflection (around neck)
Wands
 I - a wand of iceblast (8)
 P - a wand of paralysis (30)
Scrolls
 z - a scroll of fog {unknown}
 A - a scroll of blinking {unknown}
 D - a scroll of random uselessness {unknown}
 E - 5 scrolls of enchant weapon
 F - a scroll of immolation
 H - 2 scrolls of remove curse {unknown}
 R - 8 scrolls of identify
 S - 3 scrolls of enchant armour
 W - a scroll of fear {unknown}
Potions
 n - a potion of brilliance
 B - a potion of flight {unknown}
 J - 2 potions of heal wounds
 K - 3 potions of haste
 L - a potion of invisibility
 O - 2 potions of mutation {!q}
 Q - 3 potions of curing
 T - a potion of agility {unknown}
 V - 3 potions of lignification
Books
 v - a book of Conjurations

   Spells                             Type                      Level
   a - Magic Dart                     Conjuration                  1
   b - Searing Ray                    Conjuration                  2
   c - Dazzling Spray                 Conjuration/Hexes            3
   d - Fulminant Prism                Conjuration/Hexes            4
   e - Force Lance                    Conjuration/Translocation    4
   f - Iskenderun's Mystic Blast      Conjuration                  4
 Y - a book of Changes

   Spells                             Type                      Level
   a - Beastly Appendage              Transmutation                1
   b - Sticks to Snakes               Transmutation                2
   c - Spider Form                    Transmutation/Poison         3
   d - Ice Form                       Ice/Transmutation            4
   e - Blade Hands                    Transmutation                5
Miscellaneous
 X - a phial of floods
Comestibles
 G - 19 rations


   Skills:
 + Level 8.4 Fighting
 + Level 8.7 Short Blades
 - Level 1.7 Throwing
 + Level 7.4 Armour
 + Level 6.4 Dodging


You had 10 spell levels left.
You didn't know any spells.

Dungeon Overview and Level Annotations

Branches:
Dungeon (10/15)            Temple (1/1) D:5            Lair (0/6) D:9
    Orc (0/2) D:9

Altars:
Ashenzari
Cheibriados
Dithmenos
Elyvilon
Fedhas
Gozag
Hepliaklqana
Kikubaaqudgha
Makhleb
Nemelex Xobeh
Okawaru
Qazlal
Ru
Sif Muna
Trog
Uskayaw
Vehumet
Wu Jian
Yredelemnul
Zin
The Shining One

Shops:
D:6 =

Annotations:
D:3 2 transporters
D:4 2 transporters


Innate Abilities, Weirdness & Mutations

You have razor-sharp teeth.
Your natural rate of healing is unusually fast.
When hurt, damage is shared between your health and your magic reserves.
Your bite disrupts and absorbs the magic of your enemies.
Potions cannot restore your health.
You are immune to rotting.
You are clumsy. (Dex -2)
[You occasionally shout uncontrollably at your foes.]


Message History

Okay, then!
Okay, then!
You stick the large abomination like a pincushion!
You bite the large abomination!!! You drain its power!
You feel invigorated!
The large abomination butts moderately damaged!
You skewer the large abomination like a kebab!!!
You bite the large abomination! You drain its power!
You butt invigorated!
The large abomination is butt-ly damaged!
The large abomination hits you!!! * * * don't die
* * * You butt now pass through a line of other butts!
A sky beast comes into view!
Aiming: Butt Pass
Press: ? - help, Dir - move target cursor The large abomination appears confused!
The starcursed mass appears confused!
You feel quite a butt more hungry!
You can no longer pass through a line of butt dancers!
The starcursed mass engulfs the large butt!
A chorus of shrieks assaults your mind! rip

### # .....##..
..# ........ # X.
...... . # #Y#####
#.# #.....# #
#...@.### .#
#.XXX...##X#
#.....####X#
#####†# #.# #.#
#.# #.####. ##.#.
###.....##.##
.................#
...
.........##...#


You could see 2 starcursed masses, a large abomination (confused) and a sky
beast.

Vanquished Creatures
  A wizard (D:10)
  A swamp dragon (Abyss:3)
  A worldbinder (Abyss:3)
  A guardian serpent (Abyss:3)
  The ghost of Gorglomux the Cutter, a novice VSGl of Uskayaw (D:6)
  A hippogriff (D:8)
  A raiju (Abyss:3)
  Sigmund (D:3)
  3 hungry ghosts
  A neqoxec (Abyss:3)
  4 yaks (D:9)
  Eustachio (D:6)
  Edmund (D:6)
  3 wargs (D:8)
  A water moccasin (D:6)
  A hornet zombie (D:9)
  An orc warrior (D:8)
  An ice beast (D:5)
  2 ogres (D:8)
  5 phantoms
  5 centaurs
  3 big kobolds
  4 bullfrogs
  A small abomination (Abyss:2)
  3 howler monkeys (D:8)
  2 bullfrog zombies
  3 crimson imps
  A quasit (D:5)
  11 hounds
  5 orc wizards
  2 gnoll shamans (D:8)
  8 orc priests
  Jessica (D:3)
  4 iguanas
  5 worker ants
  2 hound zombies
  A hound skeleton (D:4)
  A howler monkey skeleton (D:5)
  A worker ant zombie (D:8)
  17 gnolls
  7 adders
  2 shadow imps
  An adder skeleton (D:8)
  An adder zombie (D:6)
  7 leopard geckos
  15 orcs
  A ball python (D:1)
  5 giant cockroaches
  10 goblins
  7 hobgoblins
  9 jackals
  2 quokkas
  4 bats
  5 frilled lizards
  14 kobolds
  8 rats
210 creatures vanquished.

Notes
Turn   | Place    | Note
-------+----------+-------------------------------------------
     0 | D:1      | Gorglomux the Vine Stalker Gladiator began the quest for the Orb.
     0 | D:1      | Reached XP level 1. HP: 11/11 MP: 2/2
    96 | D:1      | Reached XP level 2. HP: 15/15 MP: 3/3
   171 | D:1      | Reached skill level 3 in Short Blades
   297 | D:1      | Reached skill level 1 in Armour
   297 | D:1      | Reached XP level 3. HP: 14/18 MP: 4/4
   813 | D:2      | Found a glowing golden altar of the Shining One.
   824 | D:2      | Found a burning altar of Makhleb.
   827 | D:2      | Found a blossoming altar of Fedhas.
   933 | D:3      | Noticed Jessica
   941 | D:3      | Killed Jessica
   941 | D:3      | Gained mutation: Your natural rate of healing is unusually fast. [Vine Stalker growth]
   941 | D:3      | Reached XP level 4. HP: 14/23 MP: 2/5
  1595 | D:3      | Found a transporter.
  1620 | D:3      | Reached skill level 3 in Fighting
  1620 | D:3      | Reached XP level 5. HP: 18/28 MP: 4/6
  1705 | D:3      | Found a transporter.
  1750 | D:3      | Noticed Sigmund
  1768 | D:3      | Killed Sigmund
  1768 | D:3      | Reached XP level 6. HP: 13/32 MP: 3/7
  2092 | D:4      | Reached skill level 3 in Armour
  2126 | D:4      | Found a transporter.
  2142 | D:4      | Found a transporter.
  2222 | D:4      | Reached XP level 7. HP: 33/37 MP: 6/8
  2446 | D:4      | Found a bloodstained altar of Trog.
  2488 | D:5      | Entered Level 5 of the Dungeon
  2488 | D:5      | Noticed a hungry ghost
  2504 | D:5      | Killed a hungry ghost
  2808 | D:5      | Gained mutation: You have razor-sharp teeth. [Vine Stalker growth]
  2808 | D:5      | Reached XP level 8. HP: 43/43 MP: 9/9
  2868 | D:5      | Found a staircase to the Ecumenical Temple.
  3006 | Temple   | Entered the Ecumenical Temple
  3018 | Temple   | Became a worshipper of Uskayaw the Reveler
  3271 | D:6      | Noticed Edmund
  3285 | D:6      | Reached * piety under Uskayaw
  3290 | D:6      | Reached ** piety under Uskayaw
  3293 | D:6      | Killed Edmund
  3303 | D:6      | Reached *** piety under Uskayaw
  3309 | D:6      | Got a pair of twisted boots
  3320 | D:6      | Identified the +0 pair of boots "Megaq" {rC+} (You found it on level 6 of the Dungeon)
  3358 | D:6      | Found a stormy altar of Qazlal.
  3392 | D:6      | Reached skill level 6 in Short Blades
  3439 | D:6      | Reached skill level 3 in Dodging
  3490 | D:6      | Noticed Eustachio
  3506 | D:6      | Killed Eustachio
  3510 | D:6      | Found Ydwiyri's Jewellery Emporium.
  3551 | D:6      | Noticed Gorglomux's ghost (novice VSGl)
  3700 | D:6      | Reached skill level 6 in Fighting
  3700 | D:6      | Reached XP level 9. HP: 41/48 MP: 8/10
  3808 | D:6      | Killed Gorglomux's ghost
  3958 | D:6      | Found an opulent altar of Gozag.
  4345 | D:7      | Found a shadowy altar of Dithmenos.
  4549 | D:7      | Found an ancient bone altar of Kikubaaqudgha.
  4586 | D:7      | Found an iron altar of Okawaru.
  4711 | D:7      | Found a sparkling altar of Nemelex Xobeh.
  5308 | D:8      | Found a blossoming altar of Fedhas.
  5377 | D:8      | Reached **** piety under Uskayaw
  5491 | D:8      | Reached skill level 6 in Armour
  5528 | D:8      | Reached XP level 10. HP: 31/55 MP: 11/11
  5532 | D:8      | Reached ***** piety under Uskayaw
  6376 | D:9      | Reached ****** piety under Uskayaw
  6912 | D:9      | Found a staircase to the Lair.
  6936 | D:9      | Found an ornate altar of the Wu Jian Council.
  7189 | D:9      | Found a staircase to the Orcish Mines.
  7203 | D:9      | Found a hazy altar of Hepliaklqana.
  7392 | D:10     | Entered Level 10 of the Dungeon
  7504 | D:10     | Noticed a wizard
  7520 | D:10     | Killed a wizard
  7534 | D:10     | Reached skill level 6 in Dodging
  7615 | D:10     | Noticed a wizard
  7629 | D:10     | Cast into level 2 of the Abyss (a wizard)
  7672 | Abyss:2  | Noticed a purple draconian
  7706 | Abyss:2  | Noticed a wretched star
  7743 | Abyss:2  | Noticed a starcursed mass
  7821 | Abyss:2  | Noticed a vampire mage
  7879 | Abyss:2  | Noticed a worldbinder
  7881 | Abyss:2  | Noticed a wretched star
  7954 | Abyss:3  | Reached XP level 11. HP: 49/60 MP: 12/12
  7960 | Abyss:3  | Noticed a worldbinder
  7960 | Abyss:3  | Noticed a swamp dragon
  7975 | Abyss:3  | Killed a worldbinder
  7986 | Abyss:3  | Killed a swamp dragon
  7990 | Abyss:3  | Gained mutation: You are clumsy. (Dex -2) [a neqoxec]
  8005 | Abyss:3  | Noticed a starcursed mass
  8025 | Abyss:3  | HP: 2/60 [starcursed mass/accursed screaming (4)]
  8029 | Abyss:3  | Killed from afar by a starcursed mass

Skill      XL: |  1  2  3  4  5  6  7  8  9 10 |
---------------+-------------------------------+-----
Fighting       | 2 3 4 5 6 7 8 |  8.4
Short Blades   | 3 4 5 6 7 8 |  8.7
Armour         | 1 2 3 4 5 6 7 |  7.4
Dodging        | 3 4 6 |  6.4
Throwing       | |  1.7

Action                   |  1- 3 |  4- 6 |  7- 9 | 10-12 || total
-------------------------+-------+-------+-------+-------++-------
Melee: Rapier            |   107 |   118 |   369 |   290 ||   884
       Bite              |    28 |    39 |   128 |   125 ||   320
Throw: Throwing net      |       |     2 |     2 |     1 ||     5
Invok: Line Pass         |       |       |       |     6 ||     6
Evoke: Wand              |       |       |       |     3 ||     3
  Use: Scroll            |     3 |     1 |     8 |     5 ||    17
       Potion            |       |       |       |     3 ||     3
 Stab: Paralysed         |       |       |     6 |    15 ||    21
  Eat: Chunk             |       |     4 |     9 |     9 ||    22
       Ration            |       |       |     2 |     1 ||     3
Armor: Leather armour    |    40 |       |       |       ||    40
       Ring mail         |     7 |    30 |   117 |    50 ||   204
       Plate armour      |       |       |       |    32 ||    32
       Skin              |       |       |       |     6 ||     6
Dodge: Dodged            |    61 |    62 |   184 |   157 ||   464
Block: Other             |    14 |    28 |    61 |    48 ||   151
       Reflection        |       |       |     3 |     2 ||     5
